 Dungeon Crawl Stone Soup version 0.31-a0-981-geadf994542 (webtiles) character file.

Game seed: 9154679517012026935

593 AIAndy the Ruffian (level 7, -8/43 HPs)
             Began as an Octopode Shapeshifter on Nov 1, 2023.
             Was an Initiate of Gozag.
             Mangled by an ice beast (10 damage)
             ... on level 5 of the Dungeon.
             The game lasted 00:08:03 (3850 turns).

AIAndy the Ruffian (Octopode Shapeshifter)          Turns: 3850, Time: 00:08:04

Health: -8/43      AC:  1    Str: 15    XL:     7   Next: 39%
Magic:  0/16       EV: 13    Int: 13    God:    Gozag
Gold:   321        SH:  0    Dex: 11    Spells: 4/6 levels left

rFire   . .          .
                       - Unarmed
rCold   . . .        (no shield)
rNeg    . . .        (helmet currently unavailable)
rPois   .            G - amulet of guardian spirit
rElec   .            W - ring of magical power
rCorr   .            k - ring of willpower
SInv    .            L - ring of flight
Will    +....        (no ring)
Stlth   ++           (no ring)
HPRegen 0.27/turn    (no ring)
MPRegen 0.15/turn    (no ring)
                     (no ring)

%: guardian spirit
@: beast-form, flying
A: beast (slay +3), almost no armour, amphibious, 8 rings, camouflage 1,
gelatinous body 1, (nimble swimmer 1), tentacles
a: Begin Untransformation, Renounce Religion, Potion Petition, Call Merchant,
Bribe Branch


You were on level 5 of the Dungeon.
You worshipped Gozag.
Gozag was aware of your devotion.
You were a hulking beast.
You visited 1 branch of the dungeon, and saw 5 of its levels.

You collected 416 gold pieces.
You paid 95 gold pieces to Gozag.


Innate Abilities, Weirdness & Mutations

You are a hulking beast.
Your limbs bulge with bestial killing power. (Slay +3)
You cannot wear most types of armour.
You are amphibious.
You can wear up to eight rings at the same time.
Your skin changes colour to match your surroundings (Stealth+).
Your rubbery body absorbs attacks. (AC +1, EV +1)
((You are camouflaged when in or above water. (Stealth+)))
You have tentacles for arms and can constrict up to eight enemies at once.


   Skills:
 - Level 1.0 Fighting
 - Level 2.0 Dodging
 + Level 6.2 Unarmed Combat
 + Level 5.8 Shapeshifting


You had 4 spell levels left.
You knew the following spells:

 Your Spells              Type           Power      Damage    Failure   Level
X - Wereblood             Tmut           0%         N/A       43%         2

Your spell library contained the following spells:

 Spells                   Type           Power      Damage    Failure   Level
 Tukima's Dance           Hex            0%         N/A       67%         3
 Passage of Golubria      Tloc           0%         N/A       97%         4
 Irradiate                Conj/Tmut      0%         3d11      100%        5
 Yara's Violent Unravell  Hex/Tmut       0%         3d3       100%        5

Inventory:

Missiles
 r - a throwing net {=f}
Jewellery
 g - an amulet of regeneration
 k - a ring of willpower (right tentacle)
 G - an amulet of guardian spirit (around mantle)
 L - a ring of flight (on tentacle)
 W - a ring of magical power (left tentacle)
Talismans
 b - a beast talisman
 c - a flux talisman
Scrolls
 e - 4 scrolls of teleportation {unknown}
 f - a scroll of blinking {unknown}
 i - a scroll of enchant armour {unknown}
 l - a scroll of fog {unknown}
 n - a scroll of fear {unknown}
 o - a scroll of revelation {unknown}
 p - 6 scrolls of identify {unknown}
 q - a scroll of vulnerability {unknown}
 s - a scroll of silence {unknown}
Potions
 a - a potion of lignification {!q}
 d - 2 potions of heal wounds {unknown}
 h - 2 potions of curing {unknown}
 j - 2 potions of mutation {unknown}
 m - a potion of attraction {unknown}

Dungeon Overview and Level Annotations

Branches:
Dungeon (5/15)
 Temple: D:4-7

Altars:
Gozag
Okawaru
Uskayaw
Xom
Yredelemnul

Shops:
D:5 *

Annotations:
D:3 Sigmund

♣♣.♣♣ ..# ♣..P♣ ..
♣P..P ... ##### #....
#.###...# ##....
#.......# #.#...
#..#.#..########.##.#
#..Y.................
#..#h#............##.
#..................#.
#######............#.
#..............
#............#.
######............#.
#................##.
#########
#................##.
........#
#................#..


You could see an ice beast.


Message History

The ice beast is heavily wounded.
The ice beast barely misses you.
You tentacle-slap the ice beast but do no damage.
The ice beast is heavily wounded.
The ice beast hits you. The ice beast freezes you!
You closely miss the ice beast. Your squeeze misses the ice beast.
The ice beast is heavily wounded.
The ice beast closely misses you.
You closely miss the ice beast. Your squeeze misses the ice beast.
The ice beast is heavily wounded.
The ice beast hits you.
* * * LOW HITPOINT WARNING * * *
The ice beast freezes you!
* * * LOW HITPOINT WARNING * * *
You completely miss the ice beast.
The ice beast is heavily wounded.
The ice beast hits you.
* * * LOW HITPOINT WARNING * * *
The ice beast freezes you!
* * * LOW HITPOINT WARNING * * *
Use which ability? (? or * to list)
Okay, then.
Okay, then.
You barely miss the ice beast. You squeeze the ice beast!
The ice beast is almost dead.
The ice beast hits you.
* * * LOW HITPOINT WARNING * * *
The ice beast freezes you!
You die...
Your body crumbles into a pile of gold.

Skill      XL: |  1  2  3  4  5  6  7 |
---------------+----------------------+-----
Unarmed Combat | 4 5 6 |  6.2
Shapeshifting  | 4 5 |  5.8
Fighting       | |  1.0
Dodging        | |  2.0

Action                     |  1- 3 |  4- 6 |  7- 9 || total
---------------------------+-------+-------+-------++-------
  Melee: Unarmed           |    68 |    93 |    39 ||   200
         Constrict         |    17 |    22 |     5 ||    44
         Tentacles         |     8 |    22 |     7 ||    37
         Punch             |     2 |     3 |     2 ||     7
   Stab: Sleeping          |     7 |     8 |       ||    15
         Distracted        |       |     1 |       ||     1
 Armour: Skin              |    38 |    27 |    21 ||    86
  Dodge: Dodged            |    26 |    53 |    22 ||   101

Levels and vault maps discovered:
D:1:      dpeg_arrival_arbitrary_a, layout_basic, minmay_tetromino_o2
D:2:      layout_loops_ring, basic_altar
D:3:      layout_basic, amcnicky_altar_gilded, uniq_sigmund
D:4:      layout_basic, xom_teletrap_fun
D:5:      layout_basic, nicolae_gozag_seed_capital, lemuel_tele_altar,
          dancing_weapons_uskayaw, serial_glass, glass_columns_b,
          glass_columns_a, glass_columns_a, glass_columns_a, glass_columns_c,
          nicolae_shop_sticking_my_neck_out, uniq_crazy_yiuf_cottage,
          uniq_duvessa

Notes
Turn   | Place    | Note
-------+----------+-------------------------------------------
     0 | D:1      | AIAndy the Octopode Shapeshifter began the quest for the
                  | Orb.
     0 | D:1      | Reached XP level 1. HP: 13/13 MP: 1/1
   132 | D:1      | HP: 1/13 [quokka (4)]
   201 | D:1      | Reached XP level 2. HP: 4/18 MP: 2/2
   503 | D:1      | Reached XP level 3. HP: 19/23 MP: 3/3
  1383 | D:2      | Reached skill level 4 in Unarmed Combat
  1383 | D:2      | Reached XP level 4. HP: 19/28 MP: 4/4
  1383 | D:2      | Found an iron altar of Okawaru.
  1508 | D:2      | Learned a level 2 spell: Wereblood
  1838 | D:3      | Found a basalt altar of Yredelemnul.
  1850 | D:3      | Reached skill level 4 in Shapeshifting
  2117 | D:3      | Noticed Sigmund
  2501 | D:4      | Reached XP level 5. HP: 27/33 MP: 5/5
  2884 | D:4      | Found a shimmering altar of Xom.
  3105 | D:5      | Entered Level 5 of the Dungeon
  3126 | D:5      | Found an opulent altar of Gozag.
  3134 | D:5      | Reached skill level 5 in Unarmed Combat
  3134 | D:5      | Reached XP level 6. HP: 26/38 MP: 6/6
  3144 | D:5      | Became a worshipper of Gozag Ym Sagoz the Greedy
  3272 | D:5      | Found Feumuis's Neck Hole.
  3278 | D:5      | Reached skill level 5 in Shapeshifting
  3315 | D:5      | Noticed a +0 hand axe
  3315 | D:5      | Noticed a +0 hand axe
  3318 | D:5      | Found a hide-covered altar of Uskayaw.
  3399 | D:5      | Found an iron altar of Okawaru.
  3444 | D:5      | Reached XP level 7. HP: 28/43 MP: 7/7
  3552 | D:5      | Reached skill level 6 in Unarmed Combat
  3849 | D:5      | HP: 3/43 [ice beast (7)]
  3850 | D:5      | Mangled by an ice beast

Vanquished Creatures
  An ogre (D:5)
  A phantom (D:5)
  A scorpion (D:5)
  2 hounds
  An orc priest (D:5)
  2 iguanas (D:5)
  An orc wizard (D:5)
  8 adders
  4 gnolls (D:5)
  2 worms (D:5)
  3 dart slugs
  8 orcs
  7 ball pythons
  4 bats
  8 endoplasms
  10 goblins
  6 hobgoblins
  6 jackals
  11 kobolds
  2 quokkas
  5 frilled lizards
  2 rats
95 creatures vanquished.

Table legend: (Time is in decaauts)
 A = Elapsed time spent in this place.
 B = Non-inter-level travel time spent in this place.
 C = Inter-level travel time spent in this place.
 D = Time resting spent in this place.
 E = Time spent auto-exploring this place.
 F = Levels seen in this place.
 G = Mean time per level.
                   A        B        C        D        E       F      G
               +--------+--------+--------+--------+--------+-----+--------+
         Total |   3831 |   3692 |    139 |     54 |   3016 |   5 |  766.2 |
       Dungeon |   3831 |   3692 |    139 |     54 |   3016 |   5 |  766.2 |
               +--------+--------+--------+--------+--------+-----+--------+

Top non-repeatable levels by time:
     D:1: 902 daAuts
     D:2: 899 daAuts
     D:5: 737 daAuts
     D:3: 656 daAuts
     D:4: 635 daAuts

Table legend:
 A = Non-vault XP
 B = Vault XP
 C = Vault XP percentage of total XP
 D = Non-vault monster count
 E = Vault monster count
 F = Vault count percentage of total count
                 A         B        C        D         E       F
            +---------+---------+-------+---------+---------+-------
      Total |     848 |       0 |   0.0 |      95 |       0 |   0.0
            +---------+---------+-------+---------+---------+-------
        D:1 |      44 |       0 |   0.0 |      25 |       0 |   0.0
        D:2 |      58 |       0 |   0.0 |      13 |       0 |   0.0
        D:3 |      55 |       0 |   0.0 |      18 |       0 |   0.0
        D:4 |      99 |       0 |   0.0 |      18 |       0 |   0.0
        D:5 |     592 |       0 |   0.0 |      21 |       0 |   0.0
            +---------+---------+-------+---------+---------+-------
